cohdb
Replays
Latest Replays
All Replays
Popular Replays
Top Player Replays
Match Explorer
How It Works
Community
CoH3 Stats
Reddit
Sign in to upload your games and track your stats! →
Sign in with Steam
Match 38715817
Unlisted
Match 38715817
Overview
Messages
Build Orders
End
Construct Weapon Support Center
Engineer Squad
Selects Special Operations Battlegroup
Selects Special Operations Battlegroup
Selects M29 Weasel Recon Vehicle
M29 Weasel Recon Vehicle
M1919 Machine Gun Team
Bazooka Squad
M1919 Machine Gun Team
Infantry Support Center
Construct Medical Station
.30 cal Machine Gun
Bazooka Squad
Construct Tank Depot
sharpshooter
Bego
Zapata
ninjayas
0
0
Comments
sign in to comment!
No comments posted yet!